[Event "Team 45 45 League T24"]
[Site "Internet Chess Club"]
[Date "2004.10.09"]
[Round "5"]
[White "Achilles"]
[Black "Lothar"]
[Result "1/2-1/2"]
[WhiteElo "1252"]
[BlackElo "1533"]
[TimeControl "2700+45"]

1. e4 e6 2. d4 d5 3. e5 c5 4. c3 Nc6 5. Nf3 Bd7 6. Be2 Qb6 7. a3 Nh6 8. Nbd2
cxd4 9. cxd4 Nxd4 10. Nxd4 Qxd4 11. Nf3 Qxd1+ 12. Kxd1 Ng4 13. Ke1 Bc5 14. Rf1
f6 15. b4 Bb6 16. exf6 gxf6 17. Bb2 e5 18. h3 Nh6 19. g4 Nf7 20. Rd1 d4 21. Nd2
Nd6 22. f4 Ke7 23. fxe5 fxe5 24. Nf3 Nf7 25. Bc4 e4 26. Nxd4 Ne5 27. Bd5 Nd3+
28. Rxd3 exd3 29. Rf7+ Kd6 30. Nf5+ Kxd5 31. Rxd7+ Kc6 32. Rxd3 Rhe8+ 33. Kd2
{Game drawn by mutual agreement} 1/2-1/2

[Event "Team 45 45 League T24"]
[Site "Internet Chess Club"]
[Date "2004.10.12"]
[Round "5"]
[White "rickylr"]
[Black "liger"]
[Result "1-0"]
[WhiteElo "1550"]
[BlackElo "1183"]
[TimeControl "2700+45"]

1. e4 e5 2. f4 d6 3. d3 Nc6 4. fxe5 dxe5 5. Nf3 Bg4 6. Be2 Nf6 7. Be3 Bd6 8. O-O
O-O 9. c3 Re8 10. Ng5 Bxe2 11. Qxe2 h6 12. Nh3 Qe7 13. b4 b5 14. Nd2 a5 15. a3
axb4 16. axb4 Nxb4 17. cxb4 Bxb4 18. Nb3 Bc3 19. Rxa8 Rxa8 20. Nf2 Qb4 21. Qc2
Ra3 22. Rb1 c6 23. Bc5 Qa4 24. Bxa3 Qxa3 25. Qxc3 b4 26. Qa1 Qxa1 27. Nxa1 Nd7
28. Rxb4 c5 29. Rc4 Kf8 30. Nb3 Ke7 31. Nxc5 Nxc5 32. Rxc5 Ke6 33. Nd1 g5 34.
Nc3 f5 35. exf5+ Kxf5 36. d4 {Black resigns} 1-0

[Event "Team 45 45 League T24"]
[Site "Internet Chess Club"]
[Date "2004.10.09"]
[Round "5"]
[White "erebus"]
[Black "viking99"]
[Result "1-0"]
[WhiteElo "1954"]
[BlackElo "1777"]
[TimeControl "2700+45"]

1. d4 Nf6 2. c4 g6 3. Nc3 d5 4. cxd5 Nxd5 5. e4 Nxc3 6. bxc3 Bg7 7. Bc4 O-O 8.
Ne2 c5 9. O-O cxd4 10. cxd4 Nc6 11. Be3 Bg4 12. f3 Na5 13. Bxf7+ Rxf7 14. fxg4
Rxf1+ 15. Qxf1 Nc4 16. Qf3 Qb6 17. e5 e6 18. Bf2 Rf8 19. Qb3 Qa6 20. Rd1 Nxe5
21. dxe5 Qxe2 22. Bxa7 Qxg4 23. Rd6 Qf5 24. Qxe6+ Qxe6 25. Rxe6 Ra8 26. Bc5 Rxa2
27. Re8+ Kf7 28. Re7+ Kg8 29. e6 Ra8 30. Rxb7 Re8 31. Rb6 Bf8 32. Be3 Bg7 33.
Kf1 Be5 34. h3 h5 35. g4 hxg4 36. hxg4 Bf6 37. g5 Be7 38. Ke2 Kf8 39. Kd3 Rd8+
40. Ke4 Rd6 41. Rb8+ Rd8 42. Rb7 Ke8 43. Bf4 Kf8 44. Rb1 Bd6 45. Bxd6+ Rxd6 46.
Ke5 Ra6 47. Kf6 Kg8 48. Rb8+ Kh7 49. Kf7 Ra7+ 50. e7 Rc7 51. Ke6 Rc1 52. Rh8+
Kg7 53. e8=Q Re1+ 54. Kd7 Rxe8 55. Rxe8 Kf7 56. Re7+ Kf8 57. Ke6 Kg8 58. Kf6
{Black resigns} 1-0

[Event "Team 45 45 League T24"]
[Site "Internet Chess Club"]
[Date "2004.10.10"]
[Round "5"]
[White "Ratbeard"]
[Black "KirkB"]
[Result "1-0"]
[WhiteElo "1469"]
[BlackElo "1546"]
[TimeControl "2700+45"]

1. e4 c5 2. Nf3 Nc6 3. Bb5 g6 4. Bxc6 dxc6 5. Nc3 Bg4 6. O-O Bg7 7. h3 Bxf3 8.
Qxf3 Nf6 9. d3 O-O 10. Rd1 Qc7 11. Bf4 e5 12. Bh2 Rae8 13. Ne2 Nh5 14. d4 cxd4
15. Nxd4 Qb6 16. Nb3 f5 17. exf5 Rxf5 18. Qe3 Qxe3 19. fxe3 Nf6 20. Nc5 Re7 21.
e4 Rg5 22. Rd8+ Bf8 23. Rf1 Rf7 24. Ne6 Nd7 25. Rxf7 Kxf7 26. Nxg5+ Ke7 27. Rc8
h6 28. Nf3 Bg7 29. Rc7 Kd6 30. Rxb7 Nc5 31. Rxg7 Nxe4 {Black resigns} 1-0

[Event "Team 45 45 League T24"]
[Site "Internet Chess Club"]
[Date "2004.10.10"]
[Round "5"]
[White "Mississippian"]
[Black "dawgfish"]
[Result "1-0"]
[WhiteElo "1502"]
[BlackElo "1275"]
[TimeControl "2700+45"]

1. d4 Nf6 2. c4 g6 3. Nc3 Bg7 4. e4 d6 5. Bg5 O-O 6. Be2 h6 7. Bd2 Na6 8. Nf3 c5
9. d5 Bd7 10. a3 Nc7 11. O-O Rb8 12. b4 Nxe4 13. Nxe4 Bxa1 14. Qxa1 cxb4 15.
axb4 b5 16. Bxh6 f6 17. Bxf8 Qxf8 18. Qxa7 Bf5 19. Ng3 Bg4 20. Qxc7 Rc8 21. Qb6
bxc4 22. Rc1 c3 23. Qd4 Bxf3 24. Bxf3 c2 25. Be4 f5 26. Bd3 f4 27. Ne4 Qh6 28.
f3 Kf7 29. Rxc2 Rh8 30. Nxd6+ exd6 31. Rc7+ Ke8 32. Bb5+ Kd8 33. Rd7+ Kc8 34.
Qc4+ Kb8 35. Qc7+ Ka8 36. Bc6# {Black checkmated} 1-0

[Event "Team 45 45 League T24"]
[Site "Internet Chess Club"]
[Date "2004.10.08"]
[Round "5"]
[White "JustinSane"]
[Black "Burning-Bush"]
[Result "1/2-1/2"]
[WhiteElo "2191"]
[BlackElo "2240"]
[TimeControl "2700+45"]

1. d4 c5 2. d5 Nf6 3. Nc3 d6 4. e4 g6 5. Bb5+ Nbd7 6. a4 a6 7. Be2 Bg7 8. Nf3
O-O 9. O-O Qc7 10. Bg5 h6 11. Bh4 Re8 12. Nd2 b6 13. f4 Rb8 14. Bc4 Kh7 15. Qe2
e6 16. dxe6 fxe6 17. Bxa6 Bxa6 18. Qxa6 Ng4 19. Qd3 Bd4+ 20. Kh1 Qc6 21. h3 Ne3
22. Rfe1 d5 23. Nb5 dxe4 24. Nxe4 Nf5 25. Nxd4 cxd4 26. Nf6+ Nxf6 27. Bxf6 Rbc8
28. Re2 Qd5 29. c3 dxc3 30. Qxd5 exd5 31. Rxe8 Rxe8 32. bxc3 Re2 33. Rb1 Ra2 34.
Rxb6 Rxa4 35. Rb7+ Kg8 36. g4 Ng3+ 37. Kg2 Ne4 38. Bd4 Ra2+ 39. Kf3 Rh2 40. Rg7+
Kf8 41. Rxg6 Rxh3+ 42. Kg2 Rh4 43. f5 h5 44. Kf3 hxg4+ 45. Rxg4 Rh1 46. Kf4 Re1
47. Rg1 Rxg1 48. Bxg1 Nxc3 {Game drawn by mutual agreement} 1/2-1/2

[Event "Team 45 45 League T24"]
[Site "Internet Chess Club"]
[Date "2004.10.12"]
[Round "5"]
[White "ChessAddict"]
[Black "shadow-master"]
[Result "0-1"]
[WhiteElo "2057"]
[BlackElo "2224"]
[TimeControl "2700+45"]

1. d4 d5 2. c4 e6 3. Nc3 c6 4. e3 Nf6 5. Nf3 Nbd7 6. Qc2 Bd6 7. g4 Nxg4 8. Rg1
h5 9. h3 Nh6 10. Bd2 Nf5 11. O-O-O a6 12. e4 dxe4 13. Nxe4 Be7 14. Bc3 Qc7 15.
d5 cxd5 16. cxd5 Qf4+ 17. Ned2 exd5 18. Bd3 Nc5 19. Be5 Nxd3+ 20. Qxd3 Qa4 21.
Bxg7 Nxg7 22. Rxg7 Bf6 23. Re1+ Be6 24. Rxe6+ Kf8 25. Ne5 Rc8+ 26. Ndc4 Bxg7 27.
b3 Qa3+ 28. Kb1 dxc4 29. Nxc4 Qc5 30. Rd6 Qg5 {White resigns} 0-1

[Event "Team 45 45 League T24"]
[Site "Internet Chess Club"]
[Date "2004.10.11"]
[Round "5"]
[White "nightly"]
[Black "chickenhead"]
[Result "1/2-1/2"]
[WhiteElo "1895"]
[BlackElo "1885"]
[TimeControl "2700+45"]

1. c4 c6 2. g3 Nf6 3. Bg2 d5 4. Nf3 dxc4 5. O-O Bf5 6. Na3 b5 7. Nh4 Be4 8. f3
g5 9. fxe4 gxh4 10. d4 cxd3 11. exd3 hxg3 12. hxg3 Rg8 13. Qf3 Rg6 14. Be3 e5
15. Rad1 Qd7 16. d4 Qg4 17. dxe5 Qxf3 18. Bxf3 Ng4 19. Bf4 Bc5+ 20. Kg2 Nd7 21.
Bxg4 Rxg4 22. Rh1 Nf8 23. Nc2 Rd8 24. Kf3 Rg6 25. Ne3 Rxd1 26. Rxd1 Ne6 27. Nf5
Nxf4 28. gxf4 Rg1 29. Rd3 Rf1+ 30. Kg3 Rg1+ {Game drawn by mutual agreement}
1/2-1/2

[Event "Team 45 45 League T24"]
[Site "Internet Chess Club"]
[Date "2004.10.11"]
[Round "5"]
[White "viking99"]
[Black "KirkB"]
[Result "1-0"]
[WhiteElo "1784"]
[BlackElo "1539"]
[TimeControl "2700+45"]

1. e4 c5 2. Nf3 Nc6 3. Bb5 g6 4. Bxc6 dxc6 5. O-O Bg7 6. d3 Bg4 7. Nbd2 e5 8. h3
Be6 9. Nb3 Bxb3 10. axb3 Ne7 11. Be3 b6 12. Qd2 O-O 13. Nh2 f5 14. Bh6 fxe4 15.
Bxg7 Kxg7 16. Ng4 Qd6 17. Qh6+ Kg8 18. Rfe1 Nf5 19. Qg5 exd3 20. c3 Qe7 21. Qxe7
Nxe7 22. Nxe5 d2 23. Red1 Rf5 24. Nc4 Rd5 25. Nxb6 Rd3 26. Nxa8 Nd5 27. Rxa7 Nf4
28. Re7 Rd8 29. Nc7 Kf8 30. Re4 g5 31. Rxf4+ gxf4 32. Ne6+ {Black resigns} 1-0

[Event "Team 45 45 League T24"]
[Site "Internet Chess Club"]
[Date "2004.10.17"]
[Round "5"]
[White "A-Ru"]
[Black "TheTankDriver"]
[Result "0-1"]
[WhiteElo "1959"]
[BlackElo "2251"]
[TimeControl "2700+45"]

1. d4 e6 2. Nf3 d5 3. Bg5 Nf6 4. e3 Be7 5. c4 O-O 6. cxd5 exd5 7. Nc3 b6 8. Bd3
Bb7 9. O-O Nbd7 10. a3 c5 11. dxc5 bxc5 12. Bf5 Nb6 13. Na4 Bc6 14. Bc2 Ne4 15.
Bxe7 Qxe7 16. Rb1 Rfd8 17. b4 Nxa4 18. Bxa4 Bxa4 19. Qxa4 Nc3 20. Qc2 Nxb1 21.
Rxb1 Qe4 22. Qb2 Rab8 23. Nd2 Qd3 24. Nf3 f6 25. Ne1 Qb5 26. Nc2 h6 27. Qa2 Kh8
28. a4 Qc4 29. Qxc4 dxc4 30. b5 Rd2 31. Na3 c3 32. Nc4 c2 33. Nxd2 cxb1=Q+ 34.
Nxb1 Rd8 35. Nc3 Rd3 {White resigns} 0-1

[Event "Team 45 45 League T24"]
[Site "Internet Chess Club"]
[Date "2004.10.10"]
[Round "5"]
[White "Gregorio"]
[Black "DirkPlenty"]
[Result "1-0"]
[WhiteElo "2106"]
[BlackElo "1955"]
[TimeControl "2700+45"]

1. e4 c5 2. Nf3 d6 3. d4 cxd4 4. Nxd4 Nf6 5. Nc3 g6 6. f3 Bg7 7. Be3 O-O 8. Qd2
Nc6 9. O-O-O d5 10. Nxc6 bxc6 11. Bh6 Bxh6 12. Qxh6 d4 13. e5 Ne8 14. Ne4 f6 15.
Bc4+ e6 16. exf6 Nxf6 17. Ng5 Qd6 18. h4 Re8 19. Nxh7 Nxh7 20. Qxg6+ Kh8 21.
Qxe8+ Kg7 22. h5 Nf8 23. h6+ Kh8 24. Rxd4 Qc5 25. Rd8 Bb7 26. Rxa8 Bxa8 27. Qxa8
{Black resigns} 1-0

[Event "Team 45 45 League T24"]
[Site "Internet Chess Club"]
[Date "2004.10.08"]
[Round "5"]
[White "Parsnip"]
[Black "jongalt97"]
[Result "1-0"]
[WhiteElo "1764"]
[BlackElo "1743"]
[TimeControl "2700+45"]

1. d4 Nf6 2. Nf3 e6 3. Bf4 d5 4. e3 Be7 5. Bd3 c5 6. c3 h6 7. Nbd2 Nc6 8. O-O
Nh5 9. Ne5 Nxf4 10. exf4 Nxe5 11. fxe5 Bd7 12. f4 Qb6 13. Nf3 O-O-O 14. b3 Kb8
15. a4 Rc8 16. a5 Qc7 17. Rf2 g5 18. fxg5 hxg5 19. g3 f5 20. b4 cxd4 21. cxd4 g4
22. Rc2 Qd8 23. Ne1 Bxb4 24. Rb1 Rxc2 25. Qxc2 Bxa5 26. Qa2 Bb6 27. Nc2 Qc7 28.
Qa3 Rc8 29. Rb3 Be8 30. Kf1 Qc6 31. Rb5 Qc3 32. Rb3 Qa5 33. Qd6+ {Black forfeits
on time} 1-0